 Dungeon Crawl Stone Soup version 0.24.0-123-gd5b16e6ec5 (webtiles) character file.

Game seed: 17116578680056116094, levelgen mode: deterministic

734 LordRappington the Basher (level 7, -1/41 HPs)
             Began as a Gargoyle Fighter on Jan 11, 2020.
             Was an Initiate of Okawaru.
             Killed by nerve-wracking pain
             ... invoked by an orc priest
              (7 damage)
             ... on level 5 of the Dungeon.
             The game lasted 00:12:02 (3907 turns).

LordRappington the Basher (Gargoyle Fighter)        Turns: 3907, Time: 00:12:04

Health: -1/41      AC: 17    Str: 20    XL:     7   Next: 74%
Magic:  7/7        EV:  3    Int: 10    God:    Okawaru [......]
Gold:   303        SH: 17    Dex:  9    Spells: 6/6 levels left

rFire    . . .     SeeInvis .   a - +1 flail
rCold    . . .     Gourm    .   b - +0 large shield
rNeg     + . .     Faith    .   m - +0 chain mail
rPois    ∞         Spirit   .   l - +1 helmet
rElec    +         Reflect  +   (no cloak)
rCorr    .         Harm     .   (no gloves)
MR       +....                  v - +0 pair of boots
Stlth    ..........             i - +4 amulet of reflection (curse)
HPRegen  0.13/turn              t - ring of protection from magic
MPRegen  0.10/turn              (no ring)

@: no status effects
A: negative energy resistance 1, electricity resistance, unbreathing,
petrification resistance, rot immunity, AC +4
a: Renounce Religion


You were on level 5 of the Dungeon.
You worshipped Okawaru.
Okawaru was noncommittal.
You were not hungry.

You visited 2 branches of the dungeon, and saw 6 of its levels.

You collected 303 gold pieces.

Inventory:

Hand Weapons
 a - a +1 flail (weapon)
Armour
 b - a +0 large shield (worn)
 l - a +1 helmet (worn)
 m - a +0 chain mail (worn)
 v - a +0 pair of boots (worn)
Jewellery
 d - an uncursed ring of see invisible {unknown}
 i - a cursed +4 amulet of reflection (around neck)
 t - a ring of protection from magic (left hand)
Wands
 k - a wand of enslavement (4)
 u - a wand of flame (18)
Scrolls
 g - 4 scrolls of identify
 h - a scroll of teleportation
 j - a scroll of enchant armour
 p - a scroll of remove curse
 r - 2 scrolls of enchant weapon
Potions
 c - a potion of haste {unknown}
 e - a potion of resistance {unknown}
 n - 2 potions of ambrosia
 q - a potion of brilliance
 s - a potion of agility {unknown}
Comestibles
 f - 9 rations
 o - 2 chunks of flesh


   Skills:
 - Level 3.2 Fighting
 + Level 8.5 Maces & Flails
 - Level 3.2 Armour
 - Level 3.2 Shields


You had 6 spell levels left.
You didn't know any spells.
Your spell library was empty.

Dungeon Overview and Level Annotations

Branches:
Dungeon (5/15)             Temple (1/1) D:4

Altars:
Cheibriados
Fedhas
Gozag
Hepliaklqana
Kikubaaqudgha
Nemelex Xobeh
Okawaru
Sif Muna
Trog
Uskayaw
Xom

Annotations:
D:4 2 runed translucent doors, Moonwind's ghost, amateur GrFi


Innate Abilities, Weirdness & Mutations

You are resistant to torment.
Your stone body is resilient. (AC +4)
You are immune to poison.
You resist negative energy. (rN+)
You are resistant to electric shocks. (rElec)
You can survive without breathing.
You are immune to petrification.
You are immune to rotting.


Message History

You sock the centaur!
You kill the centaur!
Okawaru accepts your kill. Something hits you but does no damage.
You hear some strange, mumbled words.
A magic dart appears from out of thin air!
The magic dart hits you.
* * * LOW HITPOINT WARNING * * *
You block the orc priest's attack.
You sock the orc priest!
The orc priest is almost dead.
Something hits you but does no damage.
You closely miss the orc priest.
The orc priest is almost dead.
You hear some strange, mumbled words.
A puff of flame appears from out of thin air!
The puff of flame hits you but does no damage.
The orc priest calls down the wrath of Beogh upon you.
Pain shoots through your body!
You die...

#.#...............
#.......######.###
###...### #.###
#...########.##.
#...#...........
#######...#.##........
#.#...............#....#
..o.o....(........#...#.
#..oo@..........#...##
######....#.........##
#?...#.######....
#....#.# #.### #....#.#
####.### .....# #......#
...... #.#....# .##.###
#.#....# ...<.....


You could see an orc priest and 3 orcs.

Vanquished Creatures
  A sky beast (D:4)
  A phantom (D:4)
  A centaur (D:5)
  2 hounds
  Terence (D:3)
  3 iguanas (D:4)
  4 worker ants
  4 gnolls (D:5)
  6 adders
  A shadow imp (D:5)
  An ooze (D:3)
  2 worms
  A dart slug (D:2)
  5 leopard geckos
  9 orcs
  6 giant cockroaches
  7 goblins
  8 hobgoblins
  3 jackals (D:1)
  2 quokkas
  A ball python (D:2)
  7 bats
  6 frilled lizards
  13 kobolds
  6 rats
101 creatures vanquished.

Notes
Turn   | Place    | Note
-------+----------+-------------------------------------------
     0 | D:1      | LordRappington the Gargoyle Fighter began the quest for the
                  | Orb.
     0 | D:1      | Reached XP level 1. HP: 14/14 MP: 1/1
   128 | D:1      | Reached XP level 2. HP: 13/19 MP: 2/2
   185 | D:1      | Reached skill level 3 in Maces & Flails
   325 | D:1      | Reached XP level 3. HP: 21/23 MP: 3/3
   704 | D:2      | Reached skill level 4 in Maces & Flails
   834 | D:2      | Reached XP level 4. HP: 21/28 MP: 4/4
  1706 | D:3      | Found a blossoming altar of Fedhas.
  1972 | D:3      | Reached skill level 5 in Maces & Flails
  2048 | D:3      | Reached XP level 5. HP: 31/32 MP: 5/5
  2219 | D:3      | Noticed Terence
  2234 | D:3      | Killed Terence
  2627 | D:4      | Found a runed translucent door.
  2636 | D:4      | Noticed Moonwind's ghost (amateur GrFi)
  2759 | D:4      | Reached skill level 6 in Maces & Flails
  2785 | D:4      | Reached XP level 6. HP: 30/37 MP: 6/6
  2893 | D:4      | Found a staircase to the Ecumenical Temple.
  2898 | D:4      | Noticed a sky beast
  2906 | Temple   | Entered the Ecumenical Temple
  3107 | Temple   | Became a worshipper of Warmaster Okawaru
  3153 | D:4      | Killed a sky beast
  3156 | D:4      | Reached skill level 7 in Maces & Flails
  3173 | D:4      | Found a runed translucent door.
  3174 | D:4      | Noticed a phantom
  3240 | D:4      | Killed a phantom
  3240 | D:4      | Reached XP level 7. HP: 13/41 MP: 7/7
  3781 | D:5      | Entered Level 5 of the Dungeon
  3838 | D:5      | Reached skill level 8 in Maces & Flails
  3907 | D:5      | Killed from afar by an orc priest

Levels and vault maps discovered:
D:1:      dpeg_arrival_leaves_temple_mockup, layout_basic
D:2:      layout_basic, first_ration, minmay_statues_item
D:3:      layout_basic, lemuel_doored_altar, minmay_quadrilaterals, uniq_terence
D:4:      layout_loops_ring, minmay_temple_entry_ruins, ebering_ghost_sewer_f
D:5:      layout_loops_cross, grunt_temple_overflow_open, serial_shops,
          kennysheep_mini_moat
Temple:   dpeg_chambers_temple

Skill      XL: |  1  2  3  4  5  6  7 |
---------------+----------------------+-----
Maces & Flails | 3 4 5 6 7 8 |  8.5
Fighting       | |  3.2
Armour         | |  3.2
Shields        | |  3.2

Action                   |  1- 3 |  4- 6 |  7- 9 || total
-------------------------+-------+-------+-------++-------
Melee: Flail             |   156 |   299 |    64 ||   519
  Use: Scroll            |     1 |     9 |       ||    10
       Potion            |       |     1 |       ||     1
  Eat: Chunk             |       |     8 |     3 ||    11
Armor: Scale mail        |    41 |       |       ||    41
       Chain mail        |    26 |   189 |    23 ||   238
Dodge: Dodged            |    38 |    41 |     3 ||    82
Block: Shield            |    86 |    86 |       ||   172
       Large shield      |       |   143 |    51 ||   194
       Reflection        |       |       |     1 ||     1
